 Dungeon Crawl Stone Soup version 0.29-a0-275-g389c0b56f3 (webtiles) character file.

Game seed: 10378326732026334127

191 spaghetti the Conjurer (level 5, -1/45 HPs)
             Began as an Ogre Conjurer on Mar 11, 2022.
             Slain by an orc
             ... wielding a +0 flail
              (7 damage)
             ... on level 3 of the Dungeon.
             The game lasted 00:05:23 (3203 turns).

spaghetti the Conjurer (Ogre Conjurer)              Turns: 3203, Time: 00:05:24

Health: -1/45      AC:  4    Str:  9 (11) XL:     5   Next: 70%
Magic:  2/8        EV: 10    Int: 20 (21) God:
Gold:   114        SH:  0    Dex: 12 (13) Spells: 3/8 levels left

rFire   + . .      SeeInvis .   e - +2 whip (elec) {mace}
rCold   + . .      Faith    .   (no shield)
rNeg    . . .      Spirit   .   a - +0 robe
rPois   +          Reflect  .   (helmet restricted)
rElec   +          Harm     .   l - +0 cloak
rCorr   +          Rampage  .   (gloves unavailable)
Will    .....                   (boots unavailable)
Stlth   ++........              (no amulet)
HPRegen 0.15/turn               i - +6 ring of dexterity
MPRegen 0.11/turn               k - ring of wizardry

@: resistant, flying
A: large, unfitting armour, tough skin 1
a: no special abilities


You were on level 3 of the Dungeon.
You visited 1 branch of the dungeon, and saw 4 of its levels.

You collected 114 gold pieces.


Innate Abilities, Weirdness & Mutations

You are too large for most types of armour.
You have tough skin. (AC +1)


   Skills:
 - Level 1.7 Dodging
 - Level 1.4 Stealth
 - Level 2.4 Spellcasting
 + Level 6.2 Conjurations


You had 3 spell levels left.
You knew the following spells:

 Your Spells              Type           Power      Damage    Failure   Level
a - Magic Dart            Conj           100%       1d8       1%          1
b - Fulminant Prism       Conj/Hex       7%         3d7       16%         4

Your spell library contained the following spells:

 Spells                   Type           Power      Damage    Failure   Level
 Searing Ray              Conj           54%        2d6       1%          2
 Dazzling Flash           Conj/Hex       28%        N/A       5%          3
 Animate Skeleton         Necr           4%         N/A       6%          1
 Apportation              Tloc           4%         N/A       6%          1
 Summon Small Mammal      Summ           8%         N/A       6%          1
 Corpse Rot               Necr/Air       4%         N/A       9%          2
 Poisonous Vapours        Pois/Air       4%         N/A       9%          2
 Iskenderun's Mystic Bla  Conj/Tloc      14%        2d5       16%         4

Inventory:

Hand Weapons
 e - a +2 whip of electrocution (weapon) {mace}
   (You found it on level 2 of the Dungeon)
 r - a +0 short sword of draining {short}
   (You took it off a kobold on level 2 of the Dungeon)
Missiles
 d - 135 stones {throwing}
Armour
 a - a +0 robe (worn)
 l - a +0 cloak (worn)
   (You found it on level 1 of the Dungeon)
Jewellery
 i - a +6 ring of dexterity (left hand)
   (You found it on level 1 of the Dungeon)
 k - a ring of wizardry (right hand)
   (You found it on level 1 of the Dungeon)
Scrolls
 c - 2 scrolls of enchant armour
Potions
 b - a potion of magic
 o - a potion of resistance

Dungeon Overview and Level Annotations

Branches:
Dungeon (4/15)
 Temple: D:4-7

Altars:
Fedhas

....รท...............#..#####
..####...........#.........#.
..## ......................
...####..........#...........
.#....)......................
.....##+#######....##.......#
.....# #...####......# .....#
#.oo####......# .....#
#.@.......o.... .....#
#..........o... .....#
#...######..).. .....# #..$#
#.... .....# #...# ....
.....# #.#.# #.##.# #. .# ..
.. .. ..


You could see an orc priest and an orc.


Message History

Beogh smites you!
The adder bites you but does no damage. ๐Ÿ˜ฎ HP[-15]
You take 15 damage, and now have 30/45 hp.
MASSIVE DAMAGE!! (PAUSE)
The adder attacks as you move away! The adder misses you.
You feel sick. ๐Ÿ˜ฎ HP[-2]
You take 2 damage, and now have 28/45 hp.
You feel sick. ๐Ÿ˜ฎ HP[-1]
You take 1 damage, and now have 27/45 hp.
The adder attacks as you move away! The adder bites you.
You are more poisoned.
The adder poisons you!
You feel sick.
The adder closely misses you. ๐Ÿ˜จ HP[-6]
You take 6 damage, and now have 21/45 hp.
You feel sick. ๐Ÿ˜จ HP[-2]
You take 2 damage, and now have 19/45 hp.
You barely miss the adder.
You feel sick. The adder bites you but does no damage.
Unknown command. ๐Ÿ˜จ HP[-2]
You take 2 damage, and now have 17/45 hp.
It was a potion of flight.
You feel very buoyant.
You fly up into the air.
You feel sick.
The adder bites you but does no damage. x2 ๐Ÿ˜จ HP[-1] MP[+1]
You take 1 damage, and now have 16/45 hp.
It was a potion of degeneration.
There was something very wrong with that liquid.
You feel weakened.
You feel dopey.
You feel clumsy.
You feel sick. The adder bites you but does no damage.
It was a potion of resistance.
You feel protected.
You feel sick. The adder bites you.
* * * LOW HITPOINT WARNING * * *
๐Ÿ˜จ HP[-2]
You take 2 damage, and now have 14/45 hp.
It was a potion of curing.
You feel better. The adder barely misses you.
The adder bites you but does no damage. ๐Ÿ˜จ HP[+6]
You regained 6 hp, and now have 20/45 hp.
The adder attacks as you move away! The adder closely misses you.
The orc priest attacks as you move away!
The orc priest completely misses you.
The orc priest begins to cast a cantrip, but forgets the words!
There is a stone staircase leading down here.
The adder bites you.
* * * LOW HITPOINT WARNING * * *
The adder bites you but does no damage.
You fly downwards.
There is a stone staircase leading up here. ๐Ÿ˜จ HP[-3]
You take 3 damage, and now have 17/45 hp.
Unknown command.
Unknown command.
Aiming: Magic Dart (safe; 1% risk of failure)
Press: ? - help, Q - select action, (/) - cycle Shift-Dir - straight line, f - adder
Aim: an adder (almost dead, 100% to hit)
The magic dart hits the adder.
You kill the adder! ๐Ÿ˜จ HP[+1] MP[-1]
You lost 1 mp, and now have 1/8 mp.
Okay, then.
As you read the scroll labelled HOSURU NIUWO, it crumbles to dust.
It is a scroll of identify.
c - 2 scrolls of enchant armour
As you read the scroll labelled WORAIWI ZUO, it crumbles to dust.
It is a scroll of amnesia.
Really abort (and waste the scroll)?
Okay, then. ๐Ÿ˜จ MP[+1]
You fly upwards.
The orc completely misses you. The orc closely misses you.
The orc priest hits you with a +0 flail.
* * * LOW HITPOINT WARNING * * *
There is a stone staircase leading down here. ๐Ÿ˜จ HP[-2]
You take 2 damage, and now have 16/45 hp.
Unknown command.
Unknown command.
Okay, then.
Okay, then.
You hit the orc priest but do no damage.
The orc priest closely misses you. The orc hits you with a +0 flail.
* * * LOW HITPOINT WARNING * * *
๐Ÿ˜ฑ HP[-5]
You take 5 damage, and now have 11/45 hp.
You closely miss the orc priest.
The orc priest hits you but does no damage.
The orc hits you with a +0 flail.
* * * LOW HITPOINT WARNING * * *
๐Ÿ˜ฑ HP[-5]
You take 5 damage, and now have 6/45 hp.
You hit the orc priest but do no damage.
Lightning courses through the orc priest!
The orc priest hits you but does no damage.
The orc hits you but does no damage.
You closely miss the orc priest. The orc priest barely misses you.
The orc hits you with a +0 flail!
You die...

Skill      XL: |  1  2  3  4  5 |
---------------+----------------+-----
Conjurations   | 4 5 6 |  6.2
Dodging        | |  1.7
Stealth        | |  1.4
Spellcasting   | |  2.4

Action                   |  1- 3 |  4- 6 || total
-------------------------+-------+-------++-------
Melee: Unarmed           |    22 |       ||    22
       Short sword       |    35 |    63 ||    98
       Whip              |       |     7 ||     7
 Cast: Magic Dart        |    52 |    69 ||   121
       Fulminant Prism   |       |     1 ||     1
  Use: Scroll            |     1 |     2 ||     3
       Potion            |       |     5 ||     5
Armor: Robe              |    38 |    26 ||    64
       Skin              |       |    37 ||    37
Dodge: Dodged            |    40 |    35 ||    75

Levels and vault maps discovered:
D:1:      dpeg_arrival_pond, layout_basic, chequers_ecumenical_altar_simple
D:2:      layout_basic, uniq_terence
D:3:      layout_rooms, mainiacjoe_overflow_catwalk_spiral, minivault_25
D:4:      layout_cave_pools

Notes
Turn   | Place    | Note
-------+----------+-------------------------------------------
     0 | D:1      | spaghetti the Ogre Conjurer began the quest for the Orb.
     0 | D:1      | Reached XP level 1. HP: 16/16 MP: 3/3
     0 | D:1      | magus.rc [v1.9.6]
    67 | D:1      | Found a faded altar of an unknown god.
    84 | D:1      | You pick up a book of Vapours and begin reading...
    84 | D:1      | You add the spells Poisonous Vapours and Corpse Rot to your
                  | library.
   276 | D:1      | Reached skill level 4 in Conjurations
   276 | D:1      | Reached XP level 2. HP: 20/24 MP: 5/5
   819 | D:1      | Reached XP level 3. HP: 31/31 MP: 1/6
  1326 | D:2      | Reached skill level 5 in Conjurations
  1364 | D:2      | Reached XP level 4. HP: 39/39 MP: 5/7
  1536 | D:3      | Found a blossoming altar of Fedhas.
  1538 | D:3      | You pick up a book of Cantrips and begin reading...
  1538 | D:3      | You add the spells Animate Skeleton, Summon Small Mammal
                  | and Apportation to your library.
  1553 | D:3      | HP: 9/39 [orc/+0 mace (4)]
  2014 | D:2      | Reached XP level 5. HP: 45/45 MP: 8/8
  2089 | D:2      | Learned a level 4 spell: Fulminant Prism
  2191 | D:2      | Noticed Terence
  2209 | D:2      | Killed Terence
  2413 | D:2      | Reached skill level 6 in Conjurations
  3194 | D:4      | Noticed a phantom
  3200 | D:3      | HP: 11/45 [orc/+0 flail (5)]
  3203 | D:3      | Slain by an orc

Vanquished Creatures
  An orc priest (D:2)
  Terence (D:2)
  An orc wizard (D:2)
  3 adders
  4 orcs (D:3)
  9 ball pythons
  8 bats
  5 endoplasms
  4 giant cockroaches
  4 goblins
  5 hobgoblins
  8 jackals
  8 kobolds
  3 quokkas
  7 frilled lizards
  2 rats
73 creatures vanquished.

Vanquished Creatures (others)
  A fulminant prism (D:2)
1 creature vanquished.

Grand Total: 74 creatures vanquished

Table legend:
 A = Non-vault XP
 B = Vault XP
 C = Vault XP percentage of total XP
 D = Non-vault monster count
 E = Vault monster count
 F = Vault count percentage of total count
                 A         B        C        D         E       F
            +---------+---------+-------+---------+---------+-------
      Total |     235 |      38 |  13.9 |      72 |       1 |   1.4
            +---------+---------+-------+---------+---------+-------
        D:1 |      37 |       0 |   0.0 |      22 |       0 |   0.0
        D:2 |     147 |      38 |  20.5 |      30 |       1 |   3.2
        D:3 |      38 |       0 |   0.0 |      19 |       0 |   0.0
        D:4 |      13 |       0 |   0.0 |       1 |       0 |   0.0
            +---------+---------+-------+---------+---------+-------

Illustrated notes

Table legend:
 A = Kills in this place as a percentage of kills in entire the game.
 B = Kills by you in this place as a percentage of kills by you in the entire game.
 C = Kills by friends in this place as a percentage of kills by friends in the entire game.
 D = Other kills in this place as a percentage of other kills in the entire game.
 E = Experience gained in this place as a percentage of experience gained in the entire game.
 F = Experience gained in this place divided by the number of levels of this place that you have seen.
                   A       B       C       D       E      F
               +-------+-------+-------+-------+-------+----------------------
         Total | 100.0 | 100.0 |   N/A |   N/A | 100.0 |  68.2
       Dungeon | 100.0 | 100.0 |   N/A |   N/A | 100.0 |  68.2
               +-------+-------+-------+-------+-------+----------------------

Table legend: (Time is in decaauts)
 A = Elapsed time spent in this place.
 B = Non-inter-level travel time spent in this place.
 C = Inter-level travel time spent in this place.
 D = Time resting spent in this place.
 E = Time spent auto-exploring this place.
 F = Levels seen in this place.
 G = Mean time per level.
                   A        B        C        D        E       F      G
               +--------+--------+--------+--------+--------+-----+--------+
         Total |   3214 |   3118 |     96 |    382 |   2239 |   4 |  803.5 |
       Dungeon |   3214 |   3118 |     96 |    382 |   2239 |   4 |  803.5 |
               +--------+--------+--------+--------+--------+-----+--------+

Top non-repeatable levels by time:
     D:2: 1686 daAuts
     D:1: 981 daAuts
     D:3: 542 daAuts
     D:4: 4 daAuts
